 Dungeon Crawl Stone Soup version 0.30.1-4-g462c640d31 (webtiles) character file.

Game seed: 13239683724107702998

81344 croobank the Summoner (level 15, 0/118 HPs)
             Began as a Demonspawn Ice Elementalist on Sept 5, 2023.
             Was an Initiate of Gozag.
             Collided with a rock wall (15 damage)
             ... caused by a deep elf knight
             ... on level 1 of the Elven Halls.
             The game lasted 01:52:14 (26298 turns).

croobank the Summoner (DsIE)                       Turns: 26298, Time: 01:52:14

Health: 0/118      AC: 16    Str: 10    XL:     15   Next: 26%
Magic:  8/28       EV: 15    Int: 22    God:    Gozag
Gold:   3642       SH:  0    Dex: 14    Spells: 6/32 levels left

rFire   + + +        C - +1 spear "Rolomin" {freeze, rF+++ Will+++ Stlth-}
rCold   . . .        (no shield)
rNeg    . . .        n - +3 leather armour {rF+}
rPois   +            (helmet unavailable)
rElec   .            t - +2 cloak
rCorr   .            m - +2 pair of gloves
SInv    .            G - +2 pair of boots
Will    ++++.        g - amulet of regeneration
Stlth   +++          z - ring of poison resistance
HPRegen 1.19/turn    r - +4 ring of slaying
MPRegen 0.21/turn

%: no passive effects
@: gold aura, studying Fire Magic, invisible
A: horns 3, rugged brown scales 1, demonic guardian 3, spiny 2, bedeviling
a: Renounce Religion, Potion Petition, Call Merchant, Bribe Branch


You were on level 1 of the Elven Halls.
You worshipped Gozag.
Gozag was most pleased with you.
You visited 5 branches of the dungeon, and saw 24 of its levels.

You collected 6364 gold pieces.
You spent 1906 gold pieces at shops.
You paid 816 gold pieces to Gozag.

Inventory:

Hand Weapons
 a - a +1 dagger of venom
 C - the +1 spear "Rolomin" (weapon) {freeze, rF+++ Will+++ Stlth-}
   (You found it on level 5 of the Dungeon)

   rF:        It renders you almost immune to fire.
   Will:      It greatly increases your willpower.
   Stlth:     It makes you less stealthy.
 O - a +6 scimitar of flaming
Missiles
 s - 11 atropa-tipped darts
 L - 4 throwing nets
 P - 2 curare-tipped darts
 S - 5 silver boomerangs
Armour
 j - a +0 kite shield of reflection
 m - a +2 pair of gloves (worn)
 n - a +3 leather armour of fire resistance (worn)
 t - a +2 cloak (worn)
 G - a +2 pair of boots (worn)
Jewellery
 d - a ring of resist corrosion
 g - an amulet of regeneration (around neck)
 r - a +4 ring of slaying (right hand)
 z - a ring of poison resistance (left hand)
 A - a ring of flight
 B - a +6 ring of intelligence
 E - a +6 ring of dexterity
 F - an amulet of reflection
 H - a ring of fire
 K - a +5 ring of evasion
 Q - a ring of ice
 Z - a ring of ice
Wands
 f - a wand of paralysis (9)
 w - a wand of flame (22)
 x - a wand of mindburst (11)
 I - a wand of acid (13)
 V - a wand of roots (6)
Scrolls
 c - 3 scrolls of immolation
 i - 8 scrolls of teleportation
 k - 5 scrolls of identify
 q - a scroll of fear
 M - 2 scrolls of vulnerability
 N - 3 scrolls of magic mapping
 R - 3 scrolls of blinking
 X - 3 scrolls of fog
Potions
 b - a potion of magic
 e - 5 potions of attraction
 h - 2 potions of resistance
 l - a potion of cancellation
 o - 8 potions of curing
 p - 2 potions of berserk rage
 u - 9 potions of ambrosia
 J - 3 potions of invisibility
 T - 3 potions of haste
 U - 3 potions of might
 W - 3 potions of brilliance
Miscellaneous
 y - a phial of floods
 D - a condenser vane
 Y - a phantom mirror


   Skills:
 - Level 10.2 Fighting
 - Level 3.0 Armour
 - Level 9.4 Dodging
 - Level 10.2 Stealth
 + Level 4.5 Shields
 - Level 9.4 Spellcasting
 - Level 7.0 Hexes
 - Level 12.9 Summonings
 - Level 5.1 Translocations
 - Level 10.0 Ice Magic


You had 6 spell levels left.
You knew the following spells:

 Your Spells              Type           Power      Damage    Failure   Level
a - Freeze                Ice            100%       1d10      1%          1
b - Frozen Ramparts       Ice            100%       1d16      1%          3
c - Ozocubu's Armour      Ice            53%        N/A       1%          3
d - Summon Guardian Gole  Hex/Summ       69%        N/A       1%          3
f - Summon Mana Viper     Hex/Summ       69%        N/A       3%          5
g - Summon Cactus Giant   Summ           30%        N/A       6%          6
h - Summon Forest         Summ/Tloc      25%        N/A       5%          5

Your spell library contained the following spells:

 Spells                   Type           Power      Damage    Failure   Level
 Slow                     Hex            100%       N/A       1%          1
 Call Imp                 Summ           100%       N/A       1%          2
 Confusing Touch          Hex            58%        N/A       1%          3
 Portal Projectile        Hex/Tloc       100%       N/A       1%          3
 Tukima's Dance           Hex            58%        N/A       1%          3
 Summon Ice Beast         Ice/Summ       57%        N/A       1%          4
 Dazzling Flash           Conj/Hex       76%        N/A       6%          3
 Magic Dart               Conj           40%        1d5       9%          1
 Cigotuvi's Dreadful Rot  Necr/Pois/Air  20%        N/A       13%         2
 Ignite Poison            Fire/Tmut/Pois 10%        N/A       26%         3
 Mephitic Cloud           Conj/Pois/Air  10%        N/A       26%         3
 Vampiric Draining        Necr           10%        2d6       26%         3
 Silence                  Hex/Air        19%        N/A       50%         5
 Freezing Cloud           Conj/Ice/Air   12%        6-21      52%         5
 Dispel Undead            Necr           10%        3d9       63%         4
 Agony                    Necr           10%        N/A       93%         5
 Blade Hands              Tmut           5%         N/A       93%         5
 Death Channel            Necr           5%         N/A       100%        6
 Spellforged Servitor     Conj/Summ      19%        N/A       99%         7
 Orb of Destruction       Conj           5%         9d5       100%        7


Dungeon Overview and Level Annotations

Branches:
Dungeon (15/15)            Temple (1/1) D:6            Lair (5/5) D:11
  Swamp (0/4) Lair:2        Snake (0/4) Lair:3        Slime (0/5) Lair:4
    Orc (2/2) D:12            Elf (1/3) Orc:2        Vaults (0/5) D:13
 Depths (0/4) D:15

Altars:
Ashenzari
Dithmenos
Fedhas
Gozag
Hepliaklqana
Kikubaaqudgha
Makhleb
Nemelex Xobeh
Okawaru
Qazlal
Ru
Sif Muna
Uskayaw
Vehumet
Wu Jian
Xom
Yredelemnul

Shops:
D:10 *   D:15 *!?(=   Orc:1 [   Orc:2 *([=   Lair:5 :

Annotations:
D:3 2 transporters, nroviw's ghost, amateur GrFi
D:5 2 transporters, 1 runed translucent door, WaxSun's ghost, novice GnHW
Orc:1 4 transporters


Innate Abilities, Weirdness & Mutations

You have a pair of large horns on your head.
You are partially covered in rugged brown scales. (AC +1, +3% HP)
A powerful demonic guardian rushes to your aid.
You are mostly covered in sharp spines.
Your hexes are more powerful.


Message History

Gang up on whom?
Press: ? - help, Dir - move target, f - deep elf zephyrmancer
Aim: a deep elf zephyrmancer, wielding a +0 rapier (lightly wounded, ally target) Attack!
Your cactus giant hits the deep elf zephyrmancer with a +0 giant spiked club!
A deep elf archer comes into view. It is wielding a +0 dagger.
The deep elf knight points at you and mumbles some strange words.
The shard of ice hits you!
* * * LOW HITPOINT WARNING * * *
The deep elf zephyrmancer is struck by your cactus giant's spines.
The deep elf zephyrmancer dies!
You feel much better.
The deep elf zephyrmancer casts a spell at you.
The bolt of lightning hits your cactus giant!
The bolt of lightning hits your mana viper!!
The bolt of lightning hits you!!
* * * LOW HITPOINT WARNING * * *
A demonic guardian appears!
The deep elf knight casts a spell at you.
The shard of ice misses you. Something hits your cactus giant.
You hear a shout! x2
You fade into invisibility!
Something barely misses your cactus giant.
The deep elf high priest is struck by your cactus giant's spines.
The deep elf high priest hits your cactus giant with a +0 scimitar!
A deep elf pyromancer comes into view. It is wielding a +0 short sword.
You feel much better.
Your cactus giant closely misses the deep elf high priest.
Something hits your cactus giant.
Your cactus giant is destroyed!
Your cactus giant disappears in a puff of smoke!
The deep elf archer unwields a +0 dagger.
The deep elf archer wields a +0 shortbow.
The deep elf archer shoots an arrow.
The arrow hits you!!
* * * LOW HITPOINT WARNING * * *
The deep elf knight gestures at you while chanting.
The lance of force hits you.
* * * LOW HITPOINT WARNING * * *
You die...
Your body crumbles into a pile of gold.

+)...... .^
#..
#....... e.
... #
#....... #.
♣...#
##'......
#. ..#.
##.##.....
#e♣#..
##.####+###
#§ ..#
##.## $
#.##.###.##
##S@..##.##
##..$..#'##
#..$)...##
e'e...2..+
$
###.......#
##.....##
##...##
+####


You could see a deep elf archer (repels missiles, unable to see you), a deep elf
knight (unable to see you, ally target), a deep elf high priest (unable to see
you), a deep elf pyromancer (wandering, unable to see you), a friendly
lorocyproca (summoned, invisible) and a friendly mana viper (summoned).

Vanquished Creatures
  Josephine (Lair:3)
  A hydra (D:14)
  2 centaur warriors (D:14)
  3 boulder beetles
  3 two-headed ogres
  4 death yaks (Lair:5)
  2 skysharks
  A wizard (D:13)
  A deep elf zephyrmancer (Elf:1)
  An orc knight (D:15)
  4 deep elf pyromancers
  A wolf spider (D:15)
  An oklob plant (Lair:3)
  5 cyclopes
  A salamander (shapeshifter) (D:14)
  A manticore (D:15)
  A guardian serpent (Lair:3)
  4 elephants (Lair:5)
  3 black mambas
  A torpor snail (Lair:5)
  10 cane toads
  A yaktaur (D:15)
  9 komodo dragons
  2 rime drakes
  A meliai (D:13)
  2 hornets
  A polar bear (Lair:5)
  A meliai (shapeshifter) (Elf:1)
  A queen bee (D:13)
  9 trolls
  4 blink frogs
  7 slime creatures
  32 yaks
  2 wyverns
  An orc simulacrum (Orc:1)
  A steam dragon (D:7)
  5 wraiths
  Eustachio (D:5)
  2 vampire mosquitoes (D:14)
  3 wargs
  2 acid dragons
  10 water moccasins
  9 orc warriors
  A sky beast (D:6)
  2 black bears
  An ice beast (D:6)
  4 ogres
  16 wolves
  7 centaurs
  9 bullfrogs
  A gnoll sergeant (D:6)
  A scorpion (D:6)
  8 wights
  18 killer bees (D:13)
  4 hounds
  10 orc priests
  A gnoll bouda (D:8)
  3 sleepcaps
  Jessica (D:3)
  10 orc wizards
  A boggart simulacrum (D:14)
  12 gnolls
  11 adders
  A shadow imp (D:7)
  A white imp (D:8)
  2 ufetubi
  2 dart slugs
  A worm (D:4)
  38 orcs
  5 ball pythons
  An endoplasm (D:2)
  3 giant cockroaches
  5 goblins
  5 hobgoblins
  6 kobolds
  2 quokkas
  5 bats
  A frilled lizard (D:2)
  5 rats
361 creatures vanquished.

Vanquished Creatures (collateral kills)
  Donald (Orc:2)
  An orc warlord (Orc:2)
  A dire elephant (D:15)
  A deep elf annihilator (Elf:1)
  Erolcha (Orc:1)
  A catoblepas (Lair:5)
  The ghost of Vaif the Eclecticist, a journeyman DENe of Vehumet (Orc:1)
  Harold (Orc:1)
  A ghost crab (Lair:2)
  2 centaur warriors
  A death knight (D:14)
  2 dancing weapons (Elf:1)
  A boulder beetle (Lair:2)
  A two-headed ogre (Orc:1)
  A tengu warrior (D:15)
  2 death yaks (Lair:5)
  A deep troll shaman (Lair:5)
  An orc high priest (Orc:2)
  2 orc knights
  A lindwurm (Lair:5)
  A wizard (D:13)
  A deep elf zephyrmancer (Elf:1)
  5 ugly things
  4 deep elf pyromancers (Elf:1)
  9 cyclopes
  5 orc sorcerers
  4 oklob plants (Lair:3)
  A salamander (D:15)
  2 slime creatures (D:15)
  A spectral orc (Orc:1)
  2 unseen horrors
  An efreet (D:15)
  A tengu conjurer (D:15)
  A spectral two-headed ogre (Orc:1)
  A raiju (shapeshifter) (D:15)
  2 trolls
  2 dream sheep (Lair:5)
  2 blink frogs (Lair:3)
  A wraith (Lair:3)
  A shadow (D:11)
  5 yaks
  A vampire (D:11)
  A basilisk (shapeshifter) (D:15)
  A basilisk (Lair:5)
  3 vampire mosquitoes (D:15)
  2 wargs (Orc:2)
  A floating eye (Lair:3)
  18 orc warriors
  2 wolves (Lair:5)
  2 centaurs (D:13)
  A kobold brigand (D:8)
  2 nameless horrors
  A spectral warg (Orc:1)
  2 killer bees (D:13)
  A spectral ogre (Orc:1)
  4 orc priests
  A gnoll bouda (D:6)
  4 orc wizards
  A warg simulacrum (Orc:1)
  A gnoll (D:6)
  15 orcs
  4 kobolds (D:8)
  A butterfly (Lair:3)
145 creatures vanquished.

Vanquished Creatures (others)
  A hydra (D:13)
  A boulder beetle (D:11)
  Urug (Lair:5)
  An orc knight (Orc:2)
  A cyclops (D:13)
  A gargoyle (D:12)
  A meliai (D:13)
  A troll (Orc:2)
  A yak (Lair:1)
  2 orc warriors
  2 wolves (Lair:5)
  3 snaplasher vines
16 creatures vanquished.

Grand Total: 522 creatures vanquished

Notes
Turn   | Place    | Note
-------+----------+-------------------------------------------
     0 | D:1      | croobank the Demonspawn Ice Elementalist began the quest
                  | for the Orb.
     0 | D:1      | Reached XP level 1. HP: 13/13 MP: 3/3
   517 | D:1      | Gained mutation: You have a pair of small horns on your
                  | head. [demonic ancestry]
   517 | D:1      | Reached XP level 2. HP: 14/19 MP: 1/5
  1107 | D:2      | Gained mutation: You are partially covered in sharp spines.
                  | [demonic ancestry]
  1107 | D:2      | Reached XP level 3. HP: 21/24 MP: 6/6
  1111 | D:2      | Learned a level 3 spell: Frozen Ramparts
  1353 | D:2      | Identified the +0 robe of the Watchman {rPois rN+ Str+2}
  1705 | D:2      | Gained mutation: A weak demonic guardian rushes to your
                  | aid. [demonic ancestry]
  1705 | D:2      | Reached XP level 4. HP: 31/31 MP: 2/7
  1709 | D:2      | Learned a level 3 spell: Ozocubu's Armour
  1852 | D:3      | Noticed Jessica
  1858 | D:3      | Killed Jessica
  1859 | D:3      | Reached skill level 1 in Fighting
  1988 | D:3      | Reached XP level 5. HP: 37/38 MP: 0/9
  2398 | D:3      | Found a transporter.
  2403 | D:3      | Noticed nroviw's ghost (amateur GrFi)
  2404 | D:3      | Found a transporter.
  3109 | D:4      | Gained mutation: You are mostly covered in sharp spines.
                  | [demonic ancestry]
  3109 | D:4      | Reached XP level 6. HP: 46/46 MP: 10/10
  3527 | D:5      | Entered Level 5 of the Dungeon
  3560 | D:5      | Found a transporter.
  3592 | D:5      | Found a runed translucent door.
  3602 | D:5      | Noticed WaxSun's ghost (novice GnHW)
  3765 | D:5      | Noticed Eustachio
  3773 | D:5      | Killed Eustachio
  3774 | D:5      | Reached skill level 1 in Summonings
  3854 | D:5      | Found a transporter.
  3962 | D:5      | Identified the +1 spear "Rolomin" {freeze, rF+++ Will+++
                  | Stlth-}
  4078 | D:6      | Noticed a sky beast
  4083 | D:6      | Killed a sky beast
  4084 | D:6      | Gained mutation: You have a pair of horns on your head.
                  | [demonic ancestry]
  4084 | D:6      | Reached XP level 7. HP: 49/52 MP: 12/12
  4125 | D:6      | Reached skill level 2 in Summonings
  4355 | D:6      | Found a staircase to the Ecumenical Temple.
  4364 | Temple   | Entered the Ecumenical Temple
  4458 | Temple   | Became a worshipper of Gozag Ym Sagoz the Greedy
  4556 | D:6      | Reached skill level 1 in Armour
  4758 | D:6      | Reached skill level 3 in Summonings
  4818 | D:6      | Gained mutation: You are partially covered in rugged brown
                  | scales. (AC +1, +3% HP) [demonic ancestry]
  4818 | D:6      | Reached XP level 8. HP: 52/60 MP: 7/13
  4986 | D:6      | Reached skill level 5 in Ice Magic
  5721 | D:7      | Reached skill level 4 in Summonings
  6089 | D:7      | Gained mutation: A demonic guardian rushes to your aid.
                  | [demonic ancestry]
  6089 | D:7      | Reached XP level 9. HP: 67/67 MP: 6/15
  6093 | D:7      | Reached skill level 5 in Summonings
  7158 | D:8      | Reached skill level 5 in Stealth
  7806 | D:8      | Noticed a cyclops
  7812 | D:8      | Killed a cyclops
  7813 | D:8      | Reached skill level 5 in Fighting
  7813 | D:8      | Reached skill level 5 in Dodging
  7813 | D:8      | Reached skill level 5 in Spellcasting
  7813 | D:8      | Reached skill level 6 in Summonings
  8672 | D:9      | Learned a level 3 spell: Summon Guardian Golem
  8678 | D:9      | Learned a level 5 spell: Summon Mana Viper
  8707 | D:9      | Reached XP level 10. HP: 74/76 MP: 11/17
  8718 | D:9      | Reached skill level 1 in Hexes
  8863 | D:9      | Reached skill level 7 in Summonings
  9006 | D:9      | Found a sparkling altar of Nemelex Xobeh.
  9082 | D:10     | Entered Level 10 of the Dungeon
  9545 | D:10     | Noticed a two-headed ogre
  9569 | D:10     | Killed a two-headed ogre
  9570 | D:10     | Reached skill level 8 in Summonings
  9697 | D:10     | Found Nisyap's Serpentskin Sales.
  9834 | D:11     | Noticed a boulder beetle
  9853 | D:11     | Killed a boulder beetle
  9854 | D:11     | Reached XP level 11. HP: 56/85 MP: 15/20
 10111 | D:11     | Noticed a brown ugly thing
 10311 | D:11     | Found a staircase to the Lair.
 10505 | D:11     | Noticed a boulder beetle
 10519 | D:11     | Killed a boulder beetle
 11070 | D:12     | Found a staircase to the Orcish Mines.
 11188 | D:12     | Reached skill level 9 in Summonings
 11402 | D:12     | Noticed a deep elf pyromancer
 11407 | D:12     | Killed a deep elf pyromancer
 11633 | D:12     | Noticed a centaur warrior
 11642 | D:12     | Killed a centaur warrior
 11806 | D:13     | Noticed a red ugly thing
 11824 | D:13     | Killed a red ugly thing
 12006 | D:13     | Gained mutation: You have a pair of large horns on your
                  | head. [demonic ancestry]
 12006 | D:13     | Reached XP level 12. HP: 93/93 MP: 14/22
 12275 | D:13     | Noticed a two-headed ogre
 12283 | D:13     | Killed a two-headed ogre
 12429 | D:13     | Noticed a seven-headed hydra
 12445 | D:13     | Killed a six-headed hydra
 12446 | D:13     | Reached skill level 5 in Hexes
 12529 | D:13     | Found a gate to the Vaults.
 12540 | D:13     | Reached skill level 10 in Summonings
 12592 | D:13     | Noticed a centaur warrior
 12603 | D:13     | Killed a centaur warrior
 12829 | D:13     | Noticed a two-headed ogre
 12837 | D:13     | Killed a two-headed ogre
 13123 | Lair:1   | Entered Level 1 of the Lair of Beasts
 13298 | Lair:1   | Noticed a boulder beetle
 13352 | Lair:1   | Killed a boulder beetle
 14085 | Lair:1   | Identified the +3 robe "Tavyny" {Drain rN++ Str+6}
 14547 | Lair:2   | Gained mutation: A powerful demonic guardian rushes to your
                  | aid. [demonic ancestry]
 14547 | Lair:2   | Reached XP level 13. HP: 90/100 MP: 17/24
 14847 | Lair:2   | Reached skill level 11 in Summonings
 15324 | Lair:2   | Found a staircase to the Swamp.
 15727 | Lair:3   | Noticed Josephine
 15742 | Lair:3   | Killed Josephine
 15830 | Lair:3   | Found a staircase to the Snake Pit.
 16245 | Lair:3   | Paralysed by a floating eye for 4 turns
 16257 | Lair:3   | Paralysed by a floating eye for 2 turns
 17254 | Lair:4   | Found a staircase to the Slime Pits.
 17918 | Lair:5   | Entered Level 5 of the Lair of Beasts
 18362 | Lair:5   | Reached skill level 12 in Summonings
 18386 | Lair:5   | Learned a level 6 spell: Summon Cactus Giant
 18392 | Lair:5   | Learned a level 5 spell: Summon Forest
 18407 | Lair:5   | Noticed Urug
 18626 | Lair:5   | Killed Urug
 18660 | Lair:5   | Reached XP level 14. HP: 62/111 MP: 4/26
 19784 | Orc:1    | Entered Level 1 of the Orcish Mines
 19795 | Orc:1    | Noticed Erolcha
 19804 | Orc:1    | Reached skill level 1 in Translocations
 19805 | Orc:1    | Killed Erolcha
 19941 | Orc:1    | Found an ornate altar of the Wu Jian Council.
 19942 | Orc:1    | Found a transporter.
 19964 | Orc:1    | Found a transporter.
 19971 | Orc:1    | Found a transporter.
 19993 | Orc:1    | Noticed Harold
 19994 | Orc:1    | Found Seatin's Armour Boutique.
 19999 | Orc:1    | Killed Harold
 20132 | Orc:1    | Found a transporter.
 20133 | Orc:1    | Noticed an orc warlord
 20195 | Orc:1    | Found an ornate altar of the Wu Jian Council.
 20350 | Orc:1    | Found a runed translucent gate.
 20350 | Orc:1    | Found a runed translucent gate.
 20356 | Orc:1    | Found a runed translucent gate.
 20359 | Orc:1    | Noticed Vaif's ghost (journeyman DENe)
 20644 | Orc:1    | Killed Vaif's ghost
 20801 | Orc:2    | Entered Level 2 of the Orcish Mines
 20801 | Orc:2    | Found Daana's Antique Armour Shop.
 21153 | Orc:2    | Noticed an orc warlord
 21185 | Orc:2    | Killed an orc warlord
 21200 | Orc:2    | Found Fezearak's General Store.
 21382 | Orc:2    | Bought a condenser vane for 480 gold pieces
 21382 | Orc:2    | Bought a scroll of blinking for 90 gold pieces
 21382 | Orc:2    | Bought a scroll of fear for 48 gold pieces
 21382 | Orc:2    | Bought a ring of willpower for 300 gold pieces
 21403 | Orc:2    | Noticed Donald
 21405 | Orc:2    | Found a staircase to the Elven Halls.
 21416 | Orc:2    | Killed Donald
 21570 | Orc:2    | Found Uvyuwk's Antique Weapon Boutique.
 22021 | Orc:2    | Found Soash's Jewellery Shoppe.
 22458 | Orc:2    | Bought a pair of glowing gloves for 157 gold pieces
 22671 | D:14     | Found a radiant altar of Vehumet.
 23259 | D:14     | Reached skill level 10 in Stealth
 23930 | D:15     | Entered Level 15 of the Dungeon
 23954 | D:15     | Reached skill level 10 in Fighting
 24149 | D:15     | Found a staircase to the Depths.
 24439 | D:15     | Gained mutation: Your hexes are more powerful. [demonic
                  | ancestry]
 24439 | D:15     | Reached XP level 15. HP: 118/118 MP: 13/28
 24462 | D:15     | Found Megaew's General Store.
 24508 | D:15     | Bought a potion of heal wounds for 75 gold pieces
 24519 | D:15     | Found Kipnip Qewa's Distillery.
 24528 | D:15     | Bought a potion of heal wounds for 70 gold pieces
 24528 | D:15     | Bought a potion of berserk rage for 70 gold pieces
 24528 | D:15     | Bought a potion of might for 56 gold pieces
 24541 | D:15     | Reached skill level 5 in Translocations
 24629 | D:15     | Found Acvo's Magic Scroll Shop.
 24641 | D:15     | Reached skill level 10 in Ice Magic
 24680 | D:15     | Bought a scroll of enchant armour for 112 gold pieces
 24680 | D:15     | Bought a scroll of enchant armour for 112 gold pieces
 24680 | D:15     | Bought a scroll of enchant weapon for 112 gold pieces
 24680 | D:15     | Bought a scroll of enchant weapon for 112 gold pieces
 24680 | D:15     | Bought a scroll of blinking for 112 gold pieces
 24894 | D:15     | Found Cocwuom's Jewellery Emporium.
 24910 | D:15     | Found Xiled's Antique Weapon Boutique.
 25239 | D:15     | Reached skill level 1 in Shields
 25953 | Elf:1    | Entered Level 1 of the Elven Halls
 26298 | Elf:1    | Collided with a rock wall

Illustrated notes

Levels and vault maps discovered:
D:1:      roderic_crossed_star, layout_loops_ring,
          chequers_serial_rivers_micro_c, palyth_stone_intersect,
          chequers_hall_statues_y
D:2:      layout_loops_ring, minivault_23
D:3:      layout_rooms, gammafunk_ghost_mausoleum, grunt_ministairs_2,
          corexii_item_surrounded_by_moat, uniq_jessica
D:4:      layout_loops_ring
D:5:      gammafunk_steamed_eel, layout_rooms, ebering_ghost_sewer_d,
          uniq_eustachio
D:6:      layout_basic, temple_fountains, nicolae_figureground_pulse
D:7:      layout_basic
D:8:      layout_basic
D:9:      layout_rooms, lemuel_crystal_altar
D:10:     layout_roguey, guppyfry_shop_venom
D:11:     layout_roguey, lair_entry_dummy
D:12:     layout_gridville, david_orc_4
D:13:     layout_loops_ring, david_vaults_1, special_room [special_room_bee],
          serial_glass, glass_columns_b, glass_columns_b, feat_on_display,
          feat_on_display, minmay_strange_pillars
D:14:     layout_gridville, nicolae_vehumet_radiance
D:15:     hangedman_depths_entry_try_elsewhere_first, layout_basic,
          chequers_serial_rivers_micro_c, serial_shops, shop, shop, shop,
          nicolae_square_shop, nicolae_square_shop
Temple:   mainiacjoe_temple_archimedes_tessellation
Lair:1:   layout_misc_corridors, minivault_25, nzn_sisyphean_effort
Lair:2:   layout_regular_city, nicolae_swamp_entry_spooky
Lair:3:   layout_cave_pods, minmay_snake_entry_spellcaster, disabler_island,
          lemuel_fruit_fields, uniq_josephine
Lair:4:   layout_cave_pods, slime_entry_1, chequers_serial_rivers_marsh
Lair:5:   grunt_lair_end_beastmaster, layout_cave_shapes, uniq_urug
Orc:1:    dreamdust_wu_jian_sword_trials, layout_caves, serial_shops, shop,
          gammafunk_ghost_necromancy, uniq_harold, uniq_erolcha
Orc:2:    grunt_orc_gardens, layout_caves, grunt_orc_garden, grunt_orc_garden,
          grunt_orc_garden, grunt_orc_garden, uniq_donald
Elf:1:    layout_geoelf_octagon, gammafunk_ghost_fury_of_okawaru, serial_shops,
          shop, hangedman_elf_represent, st_stairs_9, minmay_strange_pillars,
          hangedman_research_pyrotechnics

Skill      XL: |  1  2  3  4  5  6  7  8  9 10 11 12 13 14 15 |
---------------+----------------------------------------------+-----
Stealth        | 2 3 4 5 6 7 8 9 10 | 10.2
Dodging        | 2 3 4 5 6 7 8 9 |  9.4
Ice Magic      | 4 5 6 7 8 9 10 | 10.0
Fighting       | 1 2 3 4 5 6 7 8 9 10 | 10.2
Spellcasting   | 3 4 5 6 7 8 9 |  9.4
Summonings     | 1 3 4 6 8 9 10 12 | 12.9
Armour         | 1 2 3 |  3.0
Hexes          | 3 4 6 7 |  7.0
Translocations | 4 5 |  5.1
Shields        | 4 |  4.5

Action                     |  1- 3 |  4- 6 |  7- 9 | 10-12 | 13-15 || total
---------------------------+-------+-------+-------+-------+-------++-------
  Melee: Club              |     5 |       |       |       |       ||     5
         Dagger            |    28 |    38 |       |       |     1 ||    67
         Headbutt          |     2 |     4 |    38 |    60 |   110 ||   214
         Spear             |       |     4 |   169 |   290 |   419 ||   882
         Punch             |       |       |     4 |     9 |     4 ||    17
         Hand axe          |       |       |       |     2 |       ||     2
   Cast: Freeze            |    20 |     5 |     3 |     1 |     1 ||    30
         Frozen Ramparts   |     3 |    12 |    31 |    56 |    52 ||   154
         Ozocubu's Armour  |       |     1 |    19 |    43 |    52 ||   115
         Summon Guardian G |       |       |       |    14 |    17 ||    31
         Summon Mana Viper |       |       |       |    18 |    35 ||    53
         Summon Forest     |       |       |       |       |    17 ||    17
         Summon Cactus Gia |       |       |       |       |    26 ||    26
 Invoke: Call Merchant     |       |       |       |       |     1 ||     1
  Evoke: Wand              |       |       |       |     3 |     8 ||    11
         Phial of floods   |       |       |       |       |     1 ||     1
         Condenser vane    |       |       |       |       |     1 ||     1
    Use: Scroll            |       |     8 |    11 |     8 |    16 ||    43
         Potion            |       |       |     1 |     1 |    10 ||    12
   Stab: Sleeping          |     7 |     4 |       |     2 |     6 ||    19
         Distracted        |       |       |       |     2 |     1 ||     3
 Armour: Robe              |     9 |    16 |       |       |       ||    25
         Leather armour    |       |       |    50 |   100 |   216 ||   366
  Dodge: Dodged            |    21 |    32 |    84 |   170 |   359 ||   666
